[ AOE2 MATCH · #506376556 ]
UnrankedLithuanians vs Aztecs
Player's team · LOSS
Rival team · WIN
[ REPLAY ANALYSIS · EXTRACTED FROM THE RECORDED GAME ]
Feudal
8:30
Castle
23:17
Imperial
—
| APM avg | 57.2 |
| APM peak | 86 |
| eAPM avg | 24.6 |
| Villagers / military | 49 / 28 |
Focus
⚔️ 32.2% · 🌾 67.8%
Skirmisher ×18 · Scout Cavalry ×8 · Archer ×1 · Knight ×1
Feudal
10:56
Castle
22:03
Imperial
—
| APM avg | 85.7 |
| APM peak | 110 |
| eAPM avg | 40.1 |
| Villagers / military | 57 / 49 |
Focus
⚔️ 42.0% · 🌾 58.0%
Eagle Scout ×24 · Archer ×13 · Militia ×6 · Spearman ×5 · Monk ×1
Match map
Initial resources + every placement click. Lines = walls · curves = elevation contours. ◆ gold · ⬟ stone · ● berries · ✦ relic · ◌ wall gap
Your base· Open — unwalled flank
肥肥ming's base· Open — unwalled flank
Smoothed initial terrain · ◌ = detected wall gap · hover for details
Inputs per minute
— boanaan - - 肥肥ming
Build order — boanaan
138 actions detected in the replay
| 0:00 | Queue | Villager (Male) |
| 0:02 | Build | House |
| 0:03 | Build | House |
| 0:08 | Queue | Villager (Male) |
| 0:08 | Queue | Villager (Male) |
| 0:08 | Queue | Villager (Male) |
| 0:16 | Queue | Villager (Male) |
| 0:20 | Queue | Villager (Male) |
| 0:20 | Queue | Villager (Male) |
| 1:26 | Queue | Villager (Male) |
| 1:50 | Build | Lumber Camp |
| 2:00 | Queue | Villager (Male) |
| 2:22 | Queue | Villager (Male) |
| 2:48 | Queue | Villager (Male) |
| 3:10 | Queue | Villager (Male) |
| 3:32 | Queue | Villager (Male) |
| 3:58 | Build | House |
| 4:06 | Queue | Villager (Male) |
| 4:06 | Queue | Villager (Male) |
| 4:07 | Queue | Villager (Male) |
| 4:14 | Build | Mill |
| 5:15 | Queue | Villager (Male) |
| 6:20 | Research | Feudal Age |
| 6:32 | Build | Mill |
| 7:16 | Build | Barracks |
| 7:38 | Queue | Villager (Male) |
| 7:41 | Build | House |
| 7:50 | Build | House |
| 7:58 | Research | Loom |
| 8:30 | Age | Feudal Age |
| 8:32 | Research | Double-Bit Axe |
| 8:33 | Queue | Villager (Male) |
| 9:01 | Queue | Villager (Male) |
| 9:20 | Build | Stable |
| 9:40 | Queue | Villager (Male) |
| 9:58 | Queue | Scout Cavalry |
| 9:59 | Queue | Villager (Male) |
| 10:02 | Research | Horse Collar |
| 10:09 | Build | Palisade Wall |
| 10:10 | Build | Palisade Wall |
| 10:16 | Build | Farm |
| 10:21 | Build | Farm |
| 10:24 | Queue | Scout Cavalry |
| 10:26 | Queue | Villager (Male) |
| 10:43 | Build | House |
| 10:48 | Build | Farm |
| 10:51 | Queue | Scout Cavalry |
| 10:55 | Build | House |
| 10:56 | Queue | Villager (Male) |
| 11:06 | Build | Farm |
| 11:19 | Queue | Villager (Male) |
| 11:33 | Build | Farm |
| 11:36 | Build | Farm |
| 11:36 | Queue | Villager (Male) |
| 11:54 | Queue | Scout Cavalry |
| 12:08 | Build | Farm |
| 12:09 | Queue | Villager (Male) |
| 12:12 | Build | Farm |
| 12:41 | Queue | Villager (Male) |
| 12:52 | Build | Farm |
| 13:05 | Build | Archery Range |
| 13:08 | Queue | Scout Cavalry |
| 13:11 | Queue | Villager (Male) |
| 13:18 | Build | Farm |
| 13:31 | Queue | Villager (Male) |
| 13:47 | Build | Mining Camp |
| 13:57 | Queue | Villager (Male) |
| 13:58 | Queue | Scout Cavalry |
| 14:05 | Queue | Archer |
| 14:15 | Queue | Villager (Male) |
| 14:19 | Build | House |
| 14:22 | Queue | Scout Cavalry |
| 14:23 | Build | Farm |
| 14:25 | Queue | Villager (Male) |
| 14:32 | Build | House |
| 14:45 | Queue | Skirmisher |
| 14:48 | Queue | Villager (Male) |
| 14:54 | Queue | Skirmisher |
| 15:02 | Queue | Villager (Male) |
| 15:06 | Queue | Skirmisher |
| 15:27 | Queue | Villager (Male) |
| 15:36 | Build | Blacksmith |
| 15:50 | Build | Farm |
| 15:51 | Queue | Scout Cavalry |
| 16:08 | Queue | Villager (Male) |
| 16:21 | Queue | Villager (Male) |
| 16:30 | Queue | Villager (Male) |
| 16:31 | Build | House |
| 16:34 | Build | House |
| 16:37 | Build | Lumber Camp |
| 16:40 | Build | Farm |
| 16:48 | Queue | Villager (Male) |
| 16:59 | Research | Padded Archer Armor |
| 17:03 | Queue | Skirmisher |
| 17:14 | Build | Farm |
| 17:24 | Queue | Villager (Male) |
| 17:33 | Research | Fletching |
| 17:44 | Build | Lumber Camp |
| 17:46 | Queue | Villager (Male) |
| 17:54 | Queue | Skirmisher |
| 18:16 | Build | House |
| 18:17 | Build | House |
| 18:20 | Build | House |
| 18:21 | Build | House |
| 18:27 | Build | Palisade Wall |
| 18:36 | Queue | Skirmisher |
| 18:36 | Queue | Villager (Male) |
| 18:59 | Queue | Skirmisher |
| 18:59 | Queue | Skirmisher |
| 19:06 | Build | Archery Range |
| 19:20 | Queue | Villager (Male) |
| 19:30 | Queue | Skirmisher |
| 19:40 | Queue | Skirmisher |
| 20:06 | Queue | Villager (Male) |
| 20:32 | Build | House |
| 20:37 | Research | Castle Age |
| 20:46 | Build | Stable |
| 20:49 | Queue | Skirmisher |
| 20:49 | Queue | Skirmisher |
| 21:09 | Build | House |
| 21:17 | Queue | Skirmisher |
| 21:17 | Queue | Skirmisher |
| 21:39 | Research | Scale Barding Armor |
| 21:45 | Queue | Villager (Male) |
| 22:40 | Queue | Villager (Male) |
| 22:41 | Build | Market |
| 22:43 | Queue | Skirmisher |
| 22:43 | Queue | Skirmisher |
| 23:06 | Queue | Villager (Male) |
| 23:12 | Queue | Skirmisher |
| 23:12 | Queue | Skirmisher |
| 23:17 | Age | Castle Age |
| 23:20 | Research | Elite Skirmisher (upgrade) |
| 23:25 | Research | Bodkin Arrow |
| 23:32 | Build | House |
| 23:44 | Queue | Villager (Male) |
| 23:52 | Build | Town Center |
| 24:30 | Queue | Knight |
Build order — 肥肥ming
First 150 of 181 actions detected
| 0:00 | Queue | Villager (Male) |
| 0:01 | Queue | Villager (Male) |
| 0:01 | Build | House |
| 0:02 | Build | House |
| 0:04 | Queue | Villager (Male) |
| 0:04 | Queue | Villager (Male) |
| 0:04 | Queue | Villager (Male) |
| 1:23 | Queue | Villager (Male) |
| 1:23 | Queue | Villager (Male) |
| 1:46 | Queue | Villager (Male) |
| 1:46 | Queue | Villager (Male) |
| 2:10 | Build | Lumber Camp |
| 2:15 | Queue | Villager (Male) |
| 2:15 | Queue | Villager (Male) |
| 2:41 | Queue | Villager (Male) |
| 3:07 | Queue | Villager (Male) |
| 3:07 | Queue | Villager (Male) |
| 3:30 | Queue | Villager (Male) |
| 3:30 | Queue | Villager (Male) |
| 3:49 | Build | House |
| 3:51 | Queue | Villager (Male) |
| 4:11 | Queue | Villager (Male) |
| 4:35 | Queue | Villager (Male) |
| 4:46 | Build | Barracks |
| 4:56 | Build | House |
| 5:00 | Queue | Villager (Male) |
| 5:23 | Queue | Villager (Male) |
| 5:43 | Build | House |
| 5:45 | Queue | Militia |
| 5:46 | Queue | Militia |
| 5:57 | Queue | Villager (Male) |
| 6:19 | Queue | Villager (Male) |
| 6:27 | Queue | Villager (Male) |
| 6:42 | Build | Mill |
| 6:51 | Queue | Villager (Male) |
| 7:22 | Queue | Villager (Male) |
| 7:24 | Research | Loom |
| 7:41 | Build | Farm |
| 8:02 | Build | Farm |
| 8:26 | Research | Feudal Age |
| 9:05 | Build | Mining Camp |
| 9:19 | Build | Farm |
| 9:31 | Queue | Militia |
| 9:50 | Queue | Militia |
| 9:58 | Build | House |
| 10:02 | Queue | Militia |
| 10:20 | Queue | Villager (Male) |
| 10:56 | Age | Feudal Age |
| 10:58 | Research | Man-at-Arms (upgrade) |
| 11:02 | Build | Archery Range |
| 11:06 | Build | Farm |
| 11:21 | Build | Farm |
| 11:22 | Queue | Militia |
| 11:22 | Queue | Spearman |
| 11:26 | Research | Double-Bit Axe |
| 11:28 | Build | Farm |
| 11:33 | Queue | Villager (Male) |
| 11:44 | Queue | Villager (Male) |
| 11:45 | Queue | Archer |
| 11:47 | Build | Farm |
| 11:49 | Build | Mill |
| 11:50 | Queue | Spearman |
| 12:02 | Queue | Villager (Male) |
| 12:08 | Queue | Archer |
| 12:27 | Build | House |
| 12:32 | Build | Farm |
| 12:33 | Queue | Villager (Male) |
| 12:54 | Queue | Villager (Male) |
| 12:58 | Build | Farm |
| 13:01 | Queue | Archer |
| 13:22 | Queue | Archer |
| 13:26 | Queue | Villager (Male) |
| 13:28 | Build | House |
| 13:37 | Research | Double-Bit Axe |
| 13:52 | Queue | Archer |
| 13:53 | Queue | Villager (Male) |
| 13:57 | Build | House |
| 14:20 | Queue | Spearman |
| 14:22 | Queue | Archer |
| 14:27 | Build | Farm |
| 14:36 | Queue | Villager (Male) |
| 14:51 | Queue | Archer |
| 14:53 | Queue | Eagle Scout |
| 15:02 | Build | House |
| 15:05 | Queue | Villager (Male) |
| 15:19 | Queue | Archer |
| 15:25 | Queue | Villager (Male) |
| 15:29 | Build | Blacksmith |
| 15:35 | Queue | Eagle Scout |
| 15:45 | Queue | Villager (Male) |
| 15:47 | Research | Wheelbarrow |
| 16:00 | Queue | Villager (Male) |
| 16:03 | Research | Fletching |
| 16:04 | Research | Fletching |
| 16:06 | Build | House |
| 16:16 | Queue | Villager (Male) |
| 16:23 | Queue | Spearman |
| 16:26 | Build | Farm |
| 16:27 | Build | Farm |
| 16:38 | Queue | Archer |
| 16:41 | Build | Farm |
| 16:41 | Build | Farm |
| 16:53 | Queue | Eagle Scout |
| 17:04 | Build | House |
| 17:05 | Research | Scale Mail Armor |
| 17:05 | Research | Scale Mail Armor |
| 17:28 | Build | Farm |
| 17:31 | Build | Farm |
| 17:33 | Build | House |
| 17:36 | Queue | Archer |
| 17:37 | Queue | Eagle Scout |
| 17:55 | Build | Farm |
| 18:00 | Queue | Archer |
| 18:17 | Queue | Archer |
| 18:33 | Queue | Villager (Male) |
| 18:55 | Queue | Villager (Male) |
| 19:00 | Queue | Spearman |
| 19:00 | Queue | Eagle Scout |
| 19:19 | Research | Castle Age |
| 19:20 | Research | Castle Age |
| 19:28 | Queue | Villager (Male) |
| 19:41 | Build | Barracks |
| 19:52 | Queue | Eagle Scout |
| 19:53 | Queue | Eagle Scout |
| 20:14 | Build | Lumber Camp |
| 20:17 | Queue | Archer |
| 20:29 | Queue | Eagle Scout |
| 20:31 | Research | Forging |
| 20:31 | Research | Forging |
| 20:32 | Build | Farm |
| 20:34 | Build | Farm |
| 20:37 | Queue | Eagle Scout |
| 20:44 | Build | Farm |
| 20:44 | Build | Farm |
| 20:44 | Build | Farm |
| 21:01 | Queue | Eagle Scout |
| 21:08 | Build | Farm |
| 21:13 | Build | Farm |
| 21:16 | Queue | Eagle Scout |
| 21:29 | Queue | Eagle Scout |
| 21:36 | Build | Farm |
| 21:37 | Build | Farm |
| 21:52 | Queue | Eagle Scout |
| 21:53 | Queue | Villager (Male) |
| 22:03 | Age | Castle Age |
| 22:04 | Research | Crossbowman (upgrade) |
| 22:04 | Research | Bodkin Arrow |
| 22:04 | Research | Bodkin Arrow |
| 22:15 | Queue | Villager (Male) |
| 22:18 | Queue | Villager (Male) |
Match timeline
| 4:46 | 肥肥ming · first_building Barracks |
| 7:16 | boanaan · first_building Barracks |
| 8:30 | boanaan · age_up feudal |
| 9:20 | boanaan · first_building Stable |
| 10:09 | boanaan · wall_segment Palisade Wall x2 |
| 10:10 | boanaan · wall_segment Palisade Wall x1 |
| 10:56 | 肥肥ming · age_up feudal |
| 11:02 | 肥肥ming · first_building Archery Range |
| 13:05 | boanaan · first_building Archery Range |
| 18:27 | boanaan · wall_segment Palisade Wall x1 |
| 22:03 | 肥肥ming · age_up castle |
| 23:17 | boanaan · age_up castle |
| 23:19 | boanaan · first_market_sell 100 wood |
| 23:47 | 肥肥ming · first_building Monastery |
| 24:38 | boanaan · resign |
[ AI ANALYSIS · 1 CREDIT ]
What really happened in this match?
Wolo.gg analyzes every decision: build order, eco, micro, common mistakes by bracket. Personalized analysis on WhatsApp or Discord in 30 seconds.
Civ guide
Lithuanians
Perfil
boanaan